 Dungeon Sprint DCSS version 0.27-a0-562-g0d39f094a4 (webtiles) character file.

Game seed: 7389155299975802339

64678 mhtbhm the Hoplite (level 15, -2/115 HPs)
             Began as a Gargoyle Fighter on Mar 9, 2021.
             Was a High Priest of Trog.
             Killed from afar by a storm dragon (6 damage)
             ... with a bolt of lightning
             ... in the Dungeon (Sprint VII: "The Pits").
             The game lasted 00:13:26 (4590 turns).

mhtbhm the Hoplite (Gargoyle Fighter)               Turns: 4590, Time: 00:13:26

Health: -2/115     AC: 44    Str: 30    XL:     15   Next: 13%
Magic:  5/5        EV: 11    Int:  8    God:    Trog [*****.]
Gold:   51         SH: 26    Dex:  9    Spells: 14/14 levels left

rFire    + . .     SeeInvis .   a - +7 broad axe (antimagic)
rCold    + . .     Faith    .   c - +1 tower shield
rNeg     + . .     Spirit   .   b - +2 gold dragon scales
rPois    ∞         Reflect  .   E - +0 helmet {Int+3}
rElec    +         Harm     .   D - +1 cloak
rCorr    .         Rampage  .   C - +1 pair of gloves
Will     +++..     NoTele   +   r - +0 pair of boots
Stlth    ..........             (no amulet)
HPRegen  1.29/turn              B - +4 ring of evasion
MPRegen  0.09/turn              z - ring of Summer {+Fly rElec rPois Str+4 Int-4}

@: berserk cooldown, regenerating, slowed, glowing, very slow
A: big wings, negative energy resistance 1, electricity resistance, torment
resistance 1, unbreathing 1, petrification resistance, AC +11
a: Fly, Renounce Religion, Berserk, Trog's Hand, Brothers in Arms


You were in the Dungeon.
You worshipped Trog.
Trog was extremely pleased with you.
You visited 1 branch You collected 51 gold pieces.

Inventory:

Hand Weapons
 a - a +7 antimagic broad axe (weapon)
 s - a +4 broad axe of flaming
Missiles
 n - 8 poisoned darts (quivered)
Armour
 b - +2 gold dragon scales (worn)
 c - a +1 tower shield (worn)
 r - a +0 pair of boots (worn)
 C - a +1 pair of gloves (worn)
 D - a +1 cloak (worn)
 E - a +0 helmet of intelligence (worn)
Jewellery
 o - a ring of protection from cold
 w - a ring of see invisible
 x - a ring of protection from cold
 z - the ring of Summer (right hand) {+Fly rElec rPois Str+4 Int-4}
   (You found it in the Dungeon)

   [ring of flight]

   It affects your strength (+4).
   It affects your intelligence (-4).
   It insulates you from electricity.
   It protects you from poison.
   It lets you fly.
 B - a +4 ring of evasion (left hand)
Scrolls
 j - 5 scrolls of blinking
 l - a scroll of summoning
 t - a scroll of fog
 u - a scroll of fear
 v - 3 scrolls of identify
Potions
 e - 9 potions of curing
 f - 9 potions of heal wounds
 g - a potion of haste
 h - 4 potions of magic
 i - 6 potions of berserk rage
 k - a potion of invisibility
 m - 2 potions of flight
 p - a potion of resistance
 q - 4 potions of mutation
Miscellaneous
 y - a box of beasts
 A - a lightning rod (4/4)


   Skills:
 + Level 21.1 Fighting
 + Level 21.6 Axes
 + Level 18.5 Armour
 + Level 3.7 Dodging
 - Level 0.4 Stealth
 + Level 22.7 Shields
 + Level 2.0 Evocations


You had 14 spell levels left.
You didn't know any spells.
Your spell library was empty.

Dungeon Overview and Level Annotations

Branches:
Dungeon (1/1)

Altars:
Ashenzari
Cheibriados
Dithmenos
Elyvilon
Fedhas
Gozag
Hepliaklqana
Kikubaaqudgha
Makhleb
Nemelex Xobeh
Okawaru
Qazlal
Ru
Sif Muna
Trog
Uskayaw
Vehumet
Wu Jian
Xom
Yredelemnul
Zin
The Shining One
Beogh
Jiyva
Lugonu


Innate Abilities, Weirdness & Mutations

Your stone body is resilient. (AC +11)
You are immune to poison.
Your large and strong wings let you fly indefinitely.
You resist negative energy. (rN+)
You are resistant to electric shocks. (rElec)
You are resistant to unholy torment.
You can survive without breathing.
You are immune to petrification.


Message History

Trog accepts your kill.
A water elemental comes into view.
You block the ghoul's attack. x2
The storm dragon breathes lightning at you.
The bolt of lightning hits you! You resist.
* * * LOW HITPOINT WARNING * * *
Unknown command.
You closely miss the Serpent of Hell.
The Serpent of Hell is almost dead.
You chop the ghoul into pieces!!! You slash the storm dragon!
You block the Serpent of Hell's attack. x3
The Serpent of Hell claws you but does no damage.
The Serpent of Hell tramples you but does no damage.
Unknown command.
You slice the Serpent of Hell!!
You kill the Serpent of Hell!
Trog accepts your kill. Something appears at your feet!
You see here a +4 vorpal war axe.
Trog grants you a weapon!
Your gold dragon scales prevents you from hitting the storm dragon.
You hit the ghoul.
You destroy the ghoul!
Trog accepts your kill.
You slice the hellion!!
The hellion's magic leaks into the air.
The storm dragon bites you but does no damage.
You block the storm dragon's attack. x2
Your Fighting skill increases to level 21!
Your Shields skill increases to level 22!
You have reached level 15!
Your experience leads to an increase in your attributes!
Your base attributes are Str 25, Int 9, Dex 9.
Increase (S)trength, (I)ntelligence, or (D)exterity?
You feel stronger.
Unknown command.
You are no longer berserk.
You are exhausted.
You feel yourself slow down.
The hellion falters for a moment.
The storm dragon breathes lightning at you.
The bolt of lightning hits you. You resist.
You die...

#..........# ...
+..#....#..##++#++#..#
+..........##........
#..........##........#
####..#....#..##..#..#..#
..''..........##.A......#
..''..........##DD2n....#
..##..#....#..##))#
..##..........''@.#
..##..........''..#
..####''####''#####
..####''####''###################
..##.[....##............)))))....
..##.#)##.##))...........).)).)..
..##.#).'.##..##############))###
..##.').#.##..#))'...'))#..)()...
####.#..'.##..#))#...#))#.)......


You could see a ghoul, 2 storm dragons, a cherub and a hellion.

Vanquished Creatures
  the Serpent of Hell (D)
  2 pandemonium lords (D)
  A royal mummy (D)
  A Brimstone Fiend (D)
  A deep elf blademaster (D)
  A deep elf master archer (D)
  A nagaraja (D)
  An orc warlord (D)
  A ghoul (D)
  A draconian annihilator (D)
  A ghost moth (D)
  A vampire knight (D)
  A blizzard demon (D)
  A green death (D)
  A yaktaur captain (D)
  A vault guard (D)
  A hydra (D)
  3 naga warriors (D)
  A dancing weapon (D)
  A shadow wraith (D)
  A spriggan druid (D)
  A deep troll (D)
  A swamp dragon (D)
  7 orc knights (D)
  2 phantasmal warriors (D)
  A necromancer (D)
  3 deep elf pyromancers (D)
  A manticore (D)
  A large abomination (D)
  An eye of devastation (D)
  A smoke demon (D)
  2 cane toads (D)
  A molten gargoyle (D)
  An orange demon (D)
  2 yaktaurs (D)
  A freezing wraith (D)
  2 red devils (D)
  A troll (D)
  A wandering mushroom (D)
  2 blink frogs (D)
  3 dream sheep (D)
  3 slime creatures (D)
  2 redbacks (D)
  An air elemental (D)
  2 flying skulls (D)
  A wyvern (D)
  2 wraiths (D)
  Grum (D)
  A tarantella (D)
  Eustachio (D)
  A fire elemental (D)
  A steam dragon (D)
  Edmund (D)
  2 small abominations (D)
  2 soldier ants (D)
  A floating eye (D)
  2 water moccasins (D)
  A black bear (D)
  4 orc warriors (D)
  An eye of draining (D)
  2 necrophages (D)
  2 wolves (D)
  A centaur (D)
  A kobold brigand (D)
  An earth elemental (D)
  A jelly (D)
  2 orc priests (D)
  An iguana (D)
  An orc wizard (D)
  2 worker ants (D)
  An adder (D)
  2 gnolls (D)
  A river rat (D)
  An ufetubus (D)
  An adder zombie (D)
  A worm (D)
  A leopard gecko (D)
  14 orcs (D)
  7 jackals (D)
  A quokka (D)
  2 ball pythons (D)
  A leopard gecko skeleton (D)
  A leopard gecko zombie (D)
137 creatures vanquished.

Vanquished Creatures (collateral kills)
  A deep elf blademaster (D)
  2 death cobs (D)
  A fire giant (D)
  An emperor scorpion (D)
  A vampire knight (D)
  A fire dragon (D)
  A vault guard (D)
  2 yaktaur captains (D)
  An alligator snapping turtle (D)
  A sixfirhy (D)
  A swamp dragon (D)
  A bog body (D)
  A spriggan druid (D)
  4 orc knights (D)
  A wolf spider (D)
  A cyclops (D)
  A guardian serpent (D)
  A rime drake (D)
  A cane toad (D)
  2 freezing wraiths (D)
  4 yaktaurs (D)
  A hellwing (D)
  A blink frog (D)
  4 dream sheep (D)
  A snapping turtle (D)
  A flying skull (D)
  A fire elemental (D)
  An orc warrior (D)
  An orc priest (D)
  An ufetubus (D)
  A leopard gecko (D)
  An orc (D)
  A bat skeleton (D)
  A bat zombie (D)
46 creatures vanquished.

Vanquished Creatures (others)
  An orc warlord (D)
  2 orc knights (D)
  A yaktaur (D)
4 creatures vanquished.

Grand Total: 187 creatures vanquished

Notes
Turn   | Place    | Note
-------+----------+-------------------------------------------
     0 | D        | mhtbhm the Gargoyle Fighter began the quest for the Orb.
     0 | D        | Reached XP level 1. HP: 14/14 MP: 1/1
    20 | D        | Found a bloodstained altar of Trog.
    20 | D        | Found a shimmering blue altar of Sif Muna.
    20 | D        | Found a viscous altar of Jiyva.
    20 | D        | Found a hazy altar of Hepliaklqana.
    20 | D        | Found an opulent altar of Gozag.
    21 | D        | Found a glowing golden altar of the Shining One.
    21 | D        | Found a glowing silver altar of Zin.
    21 | D        | Found a shimmering altar of Xom.
    21 | D        | Found an ornate altar of the Wu Jian Council.
    21 | D        | Found a sacrificial altar of Ru.
    21 | D        | Found a stormy altar of Qazlal.
    21 | D        | Found an iron altar of Okawaru.
    21 | D        | Found a sparkling altar of Nemelex Xobeh.
    21 | D        | Found a burning altar of Makhleb.
    21 | D        | Found a blossoming altar of Fedhas.
    21 | D        | Found a white marble altar of Elyvilon.
    21 | D        | Found a shadowy altar of Dithmenos.
    21 | D        | Found a snail-covered altar of Cheibriados.
    23 | D        | Found a radiant altar of Vehumet.
    23 | D        | Found a corrupted altar of Lugonu.
    24 | D        | Found a hide-covered altar of Uskayaw.
    24 | D        | Found an ancient bone altar of Kikubaaqudgha.
    24 | D        | Found a broken altar of Ashenzari.
    33 | D        | Became a worshipper of Trog the Wrathful
    75 | D        | Reached * piety under Trog
    77 | D        | Reached skill level 4 in Shields
    78 | D        | Reached ** piety under Trog
    79 | D        | Reached XP level 2. HP: 13/20 MP: 2/2
   203 | D        | Reached skill level 5 in Fighting
   203 | D        | Reached skill level 5 in Armour
   203 | D        | Reached skill level 5 in Shields
   203 | D        | Reached XP level 3. HP: 13/26 MP: 3/3
   361 | D        | Noticed Edmund
   366 | D        | Reached *** piety under Trog
   368 | D        | Reached XP level 4. HP: 31/31 MP: 4/4
   375 | D        | Killed Edmund
   376 | D        | Reached skill level 7 in Shields
   376 | D        | Reached XP level 5. HP: 37/37 MP: 5/5
   455 | D        | Reached skill level 5 in Axes
   465 | D        | Reached **** piety under Trog
   487 | D        | Noticed a necrophage
   488 | D        | Reached ***** piety under Trog
   493 | D        | Reached skill level 1 in Dodging
   493 | D        | Reached XP level 6. HP: 44/44 MP: 6/6
   497 | D        | Killed a necrophage
   498 | D        | Reached skill level 8 in Shields
   666 | D        | Noticed Eustachio
   674 | D        | Killed Eustachio
   675 | D        | Reached XP level 7. HP: 48/48 MP: 7/7
   723 | D        | Reached skill level 9 in Shields
   731 | D        | Reached ****** piety under Trog
   747 | D        | Received a gift from Trog
   793 | D        | Noticed a soldier ant
   793 | D        | Noticed a red devil
   798 | D        | Killed a soldier ant
   807 | D        | Killed a red devil
   808 | D        | Reached skill level 10 in Axes
   808 | D        | Reached XP level 8. HP: 48/56 MP: 2/8
   994 | D        | Noticed a flying skull
  1007 | D        | Reached skill level 10 in Shields
  1014 | D        | Killed a flying skull
  1014 | D        | Received a gift from Trog
  1045 | D        | Noticed a tarantella
  1045 | D        | Noticed Grum
  1059 | D        | Killed a tarantella
  1074 | D        | Killed Grum
  1075 | D        | Reached XP level 9. HP: 37/62 MP: 3/9
  1202 | D        | Noticed a phantasmal warrior
  1202 | D        | Noticed a freezing wraith
  1202 | D        | Noticed a deep troll
  1213 | D        | Killed a phantasmal warrior
  1214 | D        | Reached skill level 10 in Fighting
  1214 | D        | Reached skill level 11 in Shields
  1221 | D        | Killed a freezing wraith
  1222 | D        | Reached skill level 10 in Armour
  1226 | D        | HP: 3/94 [deep troll (7)]
  1230 | D        | Killed a deep troll
  1230 | D        | Received a gift from Trog
  1231 | D        | Reached skill level 12 in Shields
  1521 | D        | Noticed an orc knight
  1530 | D        | Reached XP level 10. HP: 68/68 MP: 3/10
  1531 | D        | Killed an orc knight
  1587 | D        | Noticed a molten gargoyle
  1589 | D        | Noticed an orc knight
  1592 | D        | Received a gift from Trog
  1594 | D        | Killed a molten gargoyle
  1605 | D        | Killed an orc knight
  1606 | D        | Reached skill level 13 in Shields
  1666 | D        | Noticed a cane toad
  1674 | D        | Killed a cane toad
  1674 | D        | Received a gift from Trog
  1852 | D        | Noticed a cane toad
  1859 | D        | Killed a cane toad
  1871 | D        | Noticed an eye of devastation
  1878 | D        | Received a gift from Trog
  1879 | D        | Reached skill level 15 in Axes
  1879 | D        | Reached XP level 11. HP: 73/76 MP: 3/11
  1879 | D        | Noticed a spriggan druid
  1892 | D        | Killed a spriggan druid
  2009 | D        | Noticed an alligator snapping turtle
  2111 | D        | Noticed a cyclops
  2115 | D        | Received a gift from Trog
  2118 | D        | Killed a cyclops
  2126 | D        | Received a gift from Trog
  2127 | D        | Reached skill level 14 in Shields
  2129 | D        | Paralysed by a floating eye for 2 turns
  2129 | D        | Killed an alligator snapping turtle
  2132 | D        | Received a gift from Trog
  2369 | D        | Noticed a shadow wraith
  2369 | D        | Noticed a sixfirhy
  2369 | D        | Noticed a deep elf blademaster
  2369 | D        | Noticed a fire dragon
  2369 | D        | Noticed a swamp dragon
  2369 | D        | Noticed a death cob
  2371 | D        | Killed a sixfirhy
  2378 | D        | Killed a shadow wraith
  2379 | D        | Killed a fire dragon
  2384 | D        | Killed a swamp dragon
  2386 | D        | Killed a death cob
  2386 | D        | Received a gift from Trog
  2388 | D        | Reached XP level 12. HP: 40/86 MP: 4/12
  2391 | D        | Killed a deep elf blademaster
  2392 | D        | Reached skill level 15 in Shields
  2579 | D        | Received a gift from Trog
  2580 | D        | Reached skill level 15 in Fighting
  2763 | D        | Noticed a seven-headed hydra
  2773 | D        | Killed an 11-headed hydra
  2858 | D        | Received a gift from Trog
  2958 | D        | Noticed a royal mummy
  2971 | D        | Killed a royal mummy
  2972 | D        | Reached skill level 16 in Shields
  3022 | D        | Noticed a Brimstone Fiend
  3028 | D        | Killed a Brimstone Fiend
  3029 | D        | Reached XP level 13. HP: 95/95 MP: 4/13
  3148 | D        | Found the +8 storm bow {elec, penet}
  3148 | D        | Noticed a death cob
  3148 | D        | Noticed a ghost moth
  3154 | D        | Received a gift from Trog
  3160 | D        | Noticed a deep elf master archer
  3162 | D        | Killed a ghost moth
  3163 | D        | Killed a death cob
  3164 | D        | Reached skill level 15 in Armour
  3170 | D        | Received a gift from Trog
  3176 | D        | Killed a deep elf master archer
  3177 | D        | Reached skill level 17 in Shields
  3192 | D        | Received a gift from Trog
  3200 | D        | Received a gift from Trog
  3206 | D        | Identified the +3 scale mail of the Sky {rPois Str-2 SInv}
  3226 | D        | Noticed a nagaraja
  3235 | D        | Noticed a vampire knight
  3236 | D        | Killed a nagaraja
  3236 | D        | Received a gift from Trog
  3251 | D        | Killed a vampire knight
  3254 | D        | Got the ring of Summer {+Fly rElec rPois Str+4 Int-4}
  3396 | D        | Noticed an emperor scorpion
  3397 | D        | Noticed an orc warlord
  3397 | D        | Noticed an orc warlord
  3400 | D        | Killed an emperor scorpion
  3404 | D        | Killed an orc warlord
  3406 | D        | Noticed a fire giant
  3407 | D        | Received a gift from Trog
  3408 | D        | Reached skill level 18 in Shields
  3409 | D        | Noticed a vault guard
  3409 | D        | Noticed a vault guard
  3410 | D        | Noticed a vampire knight
  3411 | D        | Noticed a yaktaur captain
  3412 | D        | Noticed a yaktaur captain
  3415 | D        | Noticed a yaktaur captain
  3415 | D        | HP: 7/145 [orc knight/+0 dire flail (27)]
  3427 | D        | Killed a vampire knight
  3428 | D        | Killed a vault guard
  3428 | D        | Identified the +8 hand axe "Onaehax" {vorpal, rPois rF+ rN+
                  | Dex+2} (Trog gifted it to you in the Dungeon)
  3428 | D        | Received a gift from Trog
  3430 | D        | Killed a fire giant
  3431 | D        | Gained mutation: Your large and strong wings let you fly
                  | indefinitely. [Gargoyle growth]
  3431 | D        | Reached XP level 14. HP: 71/104 MP: 4/14
  3433 | D        | Killed an orc warlord
  3438 | D        | Received a gift from Trog
  3441 | D        | Reached skill level 19 in Shields
  3524 | D        | Received a gift from Trog
  3525 | D        | Reached skill level 1 in Evocations
  4087 | D        | Noticed Vida the pandemonium lord
  4166 | D        | Killed Vida the pandemonium lord
  4167 | D        | Reached skill level 20 in Shields
  4348 | D        | Noticed a white draconian annihilator
  4353 | D        | Killed a white draconian annihilator
  4353 | D        | Received a gift from Trog
  4354 | D        | Reached skill level 21 in Shields
  4417 | D        | Noticed Wybis the pandemonium lord
  4445 | D        | Killed Wybis the pandemonium lord
  4488 | D        | Noticed a black draconian
  4488 | D        | Noticed a royal mummy
  4488 | D        | Noticed a white draconian
  4488 | D        | Noticed a deep elf blademaster
  4488 | D        | Noticed an orb of fire
  4561 | D        | Noticed the Serpent of Hell
  4561 | D        | Noticed a storm dragon
  4564 | D        | Noticed a deep elf blademaster
  4567 | D        | Noticed a storm dragon
  4573 | D        | Noticed a ghoul
  4582 | D        | Noticed a ghoul
  4583 | D        | Killed a deep elf blademaster
  4587 | D        | HP: 3/162 [storm dragon/bolt of lightning (10)]
  4589 | D        | Killed the Serpent of Hell
  4589 | D        | Received a gift from Trog
  4589 | D        | Killed a ghoul
  4590 | D        | Reached skill level 22 in Shields
  4590 | D        | Reached XP level 15. HP: 5/115 MP: 5/15
  4590 | D        | Killed from afar by a storm dragon

Illustrated notes

Levels and vault maps discovered:
D:        pitsprint [storerooms_1, entrance_room_1, metal_vault_5, armoury_2,
          mini_pit_1, grid_room_1, main_hall_1, silver_pit, the_coven_1,
          the_vestibule_1, steel_vault_1, golden_pit, hallway_of_sentries,
          crystal_vault_1, iron_vault_4, final_vault]

Skill      XL: |  1  2  3  4  5  6  7  8  9 10 11 12 13 14 |
---------------+-------------------------------------------+-----
Axes           | 2 3 4 5 8 10 11 12 15 17 19 20 21 | 21.6
Shields        | 4 5 7 8 9 10 12 13 14 16 18 22 | 22.7
Fighting       | 4 5 6 7 9 10 12 14 16 18 21 | 21.1
Armour         | 4 5 6 7 8 9 10 11 12 14 16 18 | 18.5
Dodging        | 1 2 3 |  3.7
Evocations     | 2 |  2.0
Stealth        | |  0.4

Action                   |  1- 3 |  4- 6 |  7- 9 | 10-12 | 13-15 || total
-------------------------+-------+-------+-------+-------+-------++-------
Melee: Hand axe          |    30 |    56 |    29 |       |       ||   115
       War axe           |     1 |       |       |       |       ||     1
       Broad axe         |       |       |    82 |   166 |   231 ||   479
Invok: Berserk           |     1 |     2 |     3 |     7 |     9 ||    22
       Brothers in Arms  |       |       |       |     2 |    11 ||    13
       Trog's Hand       |       |       |       |       |     4 ||     4
Evoke: Box of beasts     |       |       |       |       |     2 ||     2
       Lightning rod     |       |       |       |       |     1 ||     1
  Use: Potion            |       |       |     1 |     2 |     8 ||    11
       Scroll            |       |       |       |       |     3 ||     3
 Stab: Distracted        |       |       |       |     1 |     1 ||     2
       Invisible         |       |       |       |       |     4 ||     4
Armor: Scale mail        |    26 |     1 |       |       |       ||    27
       Chain mail        |       |    11 |    10 |       |       ||    21
       Plate armour      |       |       |    53 |   100 |    39 ||   192
       Gold dragon scale |       |       |       |       |    52 ||    52
Dodge: Dodged            |    17 |     9 |    33 |    37 |    43 ||   139
Block: Kite shield       |    23 |    23 |    84 |   111 |    59 ||   300
       Tower shield      |       |       |       |       |   107 ||   107

Table legend: (Time is in decaauts)
 A = Elapsed time spent in this place.
 B = Non-inter-level travel time spent in this place.
 C = Inter-level travel time spent in this place.
 D = Time resting spent in this place.
 E = Time spent auto-exploring this place.
 F = Levels seen in this place.
 G = Mean time per level.
                   A        B        C        D        E       F      G
               +--------+--------+--------+--------+--------+-----+--------+
         Total |   4728 |   4728 |      0 |   2540 |    161 |   1 | 4728.0 |
       Dungeon |   4728 |   4728 |      0 |   2540 |    161 |   1 | 4728.0 |
               +--------+--------+--------+--------+--------+-----+--------+

Top non-repeatable levels by time:
       D: 4728 daAuts
